Hershey Bears vs Calgary Hitman

Created - 7 décembre 2017 at 11:26

Goals
1 2 3 T
Hershey Bears 0 2 3 5
Calgary Hitman 1 0 1 2
Shots
1 2 3 T
Hershey Bears 4 12 19 35
Calgary Hitman 9 13 14 36

1st period

1. Calgary Hitman , Nick Lappin 7 (Brady Austin 5, Matt Taormina 14) at 15:27

Penalties :
Cody Goloubef (HIT) for Interference (Minor) at 17:17

2nd period

2. Hershey Bears , Chris Bourque 12 (Mike Blunden 11, Chris Wagner 13) at 7:55 (PP)
3. Hershey Bears , Mike Blunden 8 (James Wisniewski 2, Dalton Prout 11) at 18:14

Penalties :
Dalton Prout (BEA) for Hooking (Minor) at 0:27, A.J. Greer (HIT) for Hooking (Minor) at 6:28, Jack Skille (HIT) for Interference (Minor) at 18:52

3rd period

4. Hershey Bears , Cory Conacher 20 (Andy Miele 25, Dalton Prout 12) at 0:14 (PP)
5. Hershey Bears , Mike Blunden 9 (Chris Bourque 18, Chris Wagner 14) at 0:43
6. Hershey Bears , Carter Camper 7 (Colby Cave 11) at 11:51
7. Calgary Hitman , Jack Skille 12 (Andrew Miller 20, Matt Taormina 15) at 19:31

Penalties :
A.J. Greer (HIT) for Tripping (Minor) at 16:25

Goalie Stats

Mike McKenna (BEA), 34 saves from 36 shots - (0,944), W, 12-8-4, 60:00 minutes
Marek Mazanec (HIT), 30 saves from 35 shots - (0,857), L, 0-2-0, 60:00 minutes

Players Stats for Hershey Bears

Player Name              G  A  P  +/- PIM S  H  SB GA TA FO     MP     PP MP  PK MP  
------------------------------------------------------------------------------------
Andrew Desjardins        0  0  0   0  0   2  3  1  0  1  1/1    21:13   3:53   0:27 
Andy Miele               0  1  1   0  0   2  3  0  2  0  16/29  21:46   3:53   1:00 
Brendan Gaunce           0  0  0   1  0   0  0  0  0  0  1/1    12:38   0:00   0:00 
Carter Camper            1  0  1   1  0   3  0  0  2  1  0/0    13:09   0:00   0:00 
Chris Bourque            1  1  2   1  0   6  2  1  0  0  1/1    19:24   2:54   0:00 
Chris Wagner             0  2  2   1  0   4  0  1  1  2  7/19   19:51   2:54   0:27 
Colby Cave               0  1  1   1  0   3  2  0  1  0  3/5    13:59   0:00   0:00 
Cory Conacher            1  0  1  -1  0   6  2  1  1  0  1/2    23:59   3:53   1:00 
Cristoval Nieves         0  0  0  -1  0   1  0  0  0  1  1/1     6:03   0:00   0:32 
Dalton Prout             0  2  2   1  2   1  2  2  1  0  0/0    26:30   4:11   0:00 
James Wisniewski         0  1  1   0  0   0  0  0  0  0  0/0     5:40   0:00   0:24 
John Hayden              0  0  0  -1  0   1  0  0  0  1  1/1     6:19   0:00   0:32 
Mark Fraser              0  0  0   0  0   0  2  1  0  1  0/0    12:57   0:00   0:08 
Matt Carle               0  0  0   0  0   1  0  2  0  0  0/0    13:18   0:00   0:57 
Michael Kostka           0  0  0   1  0   0  2  0  0  1  0/0    23:30   4:11   1:13 
Mike Blunden             2  1  3   1  0   5  3  0  0  0  0/0    19:24   2:54   0:00 
Nicolas Deslauriers      0  0  0   0  0   0  0  2  0  0  0/0    19:10   2:36   0:38 
Tyler Wotherspoon        0  0  0   0  0   0  1  0  0  0  0/0    19:10   2:36   0:38 

Players Stats for Calgary Hitman

Player Name              G  A  P  +/- PIM S  H  SB GA TA FO     MP     PP MP  PK MP  
------------------------------------------------------------------------------------
A.J. Greer               0  0  0  -1  4   7  2  0  0  0  0/1    14:35   0:00   0:00 
Alex Biega               0  0  0  -2  0   1  3  2  0  2  0/0    22:31   0:37   2:55 
Andrew Miller            0  1  1   0  0   5  0  1  0  0  13/22  16:25   0:58   0:00 
Brady Austin             0  1  1   1  0   0  0  2  0  1  0/0    15:51   0:00   2:55 
Cody Goloubef            0  0  0  -1  2   2  1  3  0  0  0/0    22:50   1:22   2:32 
J.T. Brown               0  0  0   0  0   1  1  1  0  0  1/2    19:41   0:09   3:52 
Jack Skille              1  0  1   0  2   1  2  0  0  1  0/0    14:57   0:52   0:00 
John Ramage              0  0  0   1  0   0  1  1  0  0  0/0    13:29   0:37   0:34 
Kasperi Kapanen          0  0  0   1  0   7  0  0  0  0  1/1    17:21   0:58   0:50 
Liam O'Brien             0  0  0   0  0   2  0  0  1  0  0/0    10:05   0:00   0:00 
Matt Taormina            0  2  2  -1  0   1  2  3  0  0  0/0    21:56   1:22   1:00 
Mitch Callahan           0  0  0  -1  0   1  1  1  1  1  0/0    11:58   0:09   0:50 
Nick Lappin              1  0  1   0  0   3  1  1  4  1  1/1    13:09   0:09   2:05 
Reid Petryk              0  0  0   0  0   1  2  0  0  0  5/13   13:57   0:00   3:52 
Robert Bortuzzo          0  0  0   0  0   0  1  5  1  2  0/0    23:22   0:00   3:38 
Spencer Abbott           0  0  0  -1  0   1  2  1  0  0  1/4    11:44   0:58   0:00 
Travis Morin             0  0  0   0  0   1  2  0  1  0  6/16   14:58   0:52   0:00 
Wayne Simpson            0  0  0  -1  0   2  0  0  0  0  0/0    14:20   0:52   2:05 

3 Stars

1 - Mike Blunden (BEA)
2 - Chris Bourque (BEA)
3 - Mike McKenna (BEA)

Power Play

Hershey Bears - 2 on 4 Attempt(s) - 50,00%
Calgary Hitman - 0 on 1 Attempt(s) - 0,00%

Penalty Kill

Hershey Bears - 1 on 1 Attempt(s) - 100,00% - Score 0 goal in Penalty Kill
Calgary Hitman - 2 on 4 Attempt(s) - 50,00% - Score 0 goal in Penalty Kill

Team Stat

Hershey Bears - Hits : 22 - Faceoff Wins : 32 - Blocked Shots : 11 - Penalty Minutes : 2
Calgary Hitman - Hits : 21 - Faceoff Wins : 28 - Blocked Shots : 21 - Penalty Minutes : 8

Official

Referees : Marc Joannette and Dave Jackson
Linesman : Jonny Murray and Devin Berg

Game Notes

9:26 of 2nd period - Hershey Bears goal is going for a video replay. After video review, No Goal. The puck has been kicked using a distinct kicking motion.

Finance

Level 1 -- Attendance: 1482 (74,10%) -- Ticket Income 51 870 $
Level 2 -- Attendance: 682 (68,20%) -- Ticket Income 10 230 $
Total Attendance: 2164 (72,13%)
Total Ticket Income: 62 100 $
Other Income: 30 429 $
Total Income: 92 529 $

Hershey Bears

5 vs 5 Forward 
   Center                   Left Wing                Right Wing               Time % Phy DF OF 
 1 Andy Miele               Cory Conacher            Andrew Desjardins        40     1   2  2  
 2 Chris Wagner             Chris Bourque            Mike Blunden             30     1   2  2  
 3 Colby Cave               Brendan Gaunce           Carter Camper            20     1   2  2  
 4 John Hayden              Cristoval Nieves         Cory Conacher            10     1   2  2  

5 vs 5 Defense 
   Defense                  Defense                                           Time % Phy DF OF 
 1 Dalton Prout             Michael Kostka                                    40     1   2  2  
 2 Tyler Wotherspoon        Nicolas Deslauriers                               30     1   2  2  
 3 Mark Fraser              Matt Carle                                        20     1   2  2  
 4 James Wisniewski         Dalton Prout                                      10     1   2  2  

PowerPlay Forward 
   Center                   Left Wing                Right Wing               Time % Phy DF OF 
 1 Andy Miele               Cory Conacher            Andrew Desjardins        60     1   2  2  
 2 Chris Wagner             Chris Bourque            Mike Blunden             40     1   2  2  

PowerPlay Defense
   Defense                  Defense                                           Time % Phy DF OF 
 1 Dalton Prout             Michael Kostka                                    60     1   2  2  
 2 Tyler Wotherspoon        Nicolas Deslauriers                               40     1   2  2  

Penalty Kill 4 Players Forward 
   Center                   Wing                     Time % Phy DF OF 
 1 Cory Conacher            Andy Miele               60     1   2  2  
 2 Andrew Desjardins        Chris Wagner             40     1   2  2  

Penalty Kill 4 Players Defense
   Defense                  Defense                  Time % Phy DF OF 
 1 Dalton Prout             Michael Kostka           60     1   2  2  
 2 Tyler Wotherspoon        Nicolas Deslauriers      40     1   2  2  

Penalty Kill - 3 Players Forward 
   Forward                                           Time % Phy DF OF 
 1 Cory Conacher                                     60     1   2  2  
 2 Andy Miele                                        40     1   2  2  

Penalty Kill - 3 Players Defense
   Defense                  Defense                  Time % Phy DF OF 
 1 Dalton Prout             Michael Kostka           60     1   2  2  
 2 Tyler Wotherspoon        Nicolas Deslauriers      40     1   2  2  

4 vs 4 Forward 
   Center                   Wing                     Time % Phy DF OF 
 1 Cory Conacher            Andy Miele               60     1   2  2  
 2 Andrew Desjardins        Chris Wagner             40     1   2  2  

4 vs 4 Defense
   Defense                  Defense                  Time % Phy DF OF 
 1 Dalton Prout             Michael Kostka           60     1   2  2  
 2 Tyler Wotherspoon        Nicolas Deslauriers      40     1   2  2  

Last Minutes Offensive
   Center                   Left Wing                Right Wing               Defense                  Defense                  
   Andy Miele               Cory Conacher            Andrew Desjardins        Dalton Prout             Michael Kostka           

Last Minutes Defensive
   Center                   Left Wing                Right Wing               Defense                  Defense                  
   Andy Miele               Cory Conacher            Andrew Desjardins        Dalton Prout             Michael Kostka           

Goaltenders
Starting : Mike McKenna             
Backup : Mackenzie Skapski        

Extra Forwards
Normal : Colby Cave, Brendan Gaunce, John Hayden - PP : Colby Cave, Brendan Gaunce - PK : John Hayden
Extra Defensemen
Normal : Mark Fraser, Matt Carle, James Wisniewski - PP : Mark Fraser - PK : Matt Carle, James Wisniewski
Penalty Shots
Cory Conacher, Andy Miele, Andrew Desjardins, Chris Wagner, Nicolas Deslauriers

Scratches
Tom Sestito (Healthy), Bryce Gervais (Healthy), Teddy Blueger (Healthy), Thomas Di Pauli (Healthy), Justin Hickman (Healthy)
Klas Dahlbeck (Healthy), Markus Eisenschmid (Healthy)

Calgary Hitman

5 vs 5 Forward 
   Center                   Left Wing                Right Wing               Time % Phy DF OF 
 1 Andrew Miller            J.T. Brown               Kasperi Kapanen          36     0   1  4  
 2 Travis Morin             A.J. Greer               Jack Skille              34     0   1  4  
 3 Spencer Abbott           Wayne Simpson            Mitch Callahan           24     0   3  2  
 4 Reid Petryk              Liam O'Brien             Nick Lappin              6      2   2  1  

5 vs 5 Defense 
   Defense                  Defense                                           Time % Phy DF OF 
 1 Robert Bortuzzo          Matt Taormina                                     39     0   3  2  
 2 Alex Biega               Cody Goloubef                                     37     0   3  2  
 3 Brady Austin             John Ramage                                       20     0   4  1  
 4 Robert Bortuzzo          Cody Goloubef                                     4      1   2  2  

PowerPlay Forward 
   Center                   Left Wing                Right Wing               Time % Phy DF OF 
 1 Andrew Miller            Kasperi Kapanen          Spencer Abbott           60     0   0  5  
 2 Travis Morin             Jack Skille              Wayne Simpson            40     0   0  5  

PowerPlay Defense
   Defense                  Defense                                           Time % Phy DF OF 
 1 Cody Goloubef            Matt Taormina                                     60     0   1  4  
 2 John Ramage              Alex Biega                                        40     0   1  4  

Penalty Kill 4 Players Forward 
   Center                   Wing                     Time % Phy DF OF 
 1 Reid Petryk              J.T. Brown               60     0   4  1  
 2 Wayne Simpson            Nick Lappin              40     0   4  1  

Penalty Kill 4 Players Defense
   Defense                  Defense                  Time % Phy DF OF 
 1 Cody Goloubef            Robert Bortuzzo          60     1   4  0  
 2 Alex Biega               Brady Austin             40     1   4  0  

Penalty Kill - 3 Players Forward 
   Forward                                           Time % Phy DF OF 
 1 J.T. Brown                                        65     0   5  0  
 2 Nick Lappin                                       35     0   5  0  

Penalty Kill - 3 Players Defense
   Defense                  Defense                  Time % Phy DF OF 
 1 Cody Goloubef            Alex Biega               60     1   4  0  
 2 Alex Biega               Brady Austin             40     1   4  0  

4 vs 4 Forward 
   Center                   Wing                     Time % Phy DF OF 
 1 Andrew Miller            Kasperi Kapanen          60     0   1  4  
 2 Travis Morin             J.T. Brown               40     0   1  4  

4 vs 4 Defense
   Defense                  Defense                  Time % Phy DF OF 
 1 Cody Goloubef            Matt Taormina            60     0   2  3  
 2 John Ramage              Robert Bortuzzo          40     0   3  2  

Last Minutes Offensive
   Center                   Left Wing                Right Wing               Defense                  Defense                  
   Travis Morin             Kasperi Kapanen          Andrew Miller            Matt Taormina            John Ramage              

Last Minutes Defensive
   Center                   Left Wing                Right Wing               Defense                  Defense                  
   Reid Petryk              J.T. Brown               Nick Lappin              Cody Goloubef            Robert Bortuzzo          

Goaltenders
Starting : Marek Mazanec            
Backup : Garret Sparks            

Extra Forwards
Normal : Kasperi Kapanen, J.T. Brown, A.J. Greer - PP : J.T. Brown, Nick Lappin - PK : Mitch Callahan
Extra Defensemen
Normal : Robert Bortuzzo, Cody Goloubef, Matt Taormina - PP : Alex Biega - PK : Matt Taormina, John Ramage
Penalty Shots
Kasperi Kapanen, Travis Morin, A.J. Greer, Wayne Simpson, Mitch Callahan

Scratches
Petteri Lindbohm (Healthy), Brenden Kichton (Healthy), Paul Geiger (Healthy), Josh Jacobs (Healthy), Malte Stromwall (Healthy)
Cole Ully (Healthy), Jeff Glass (Healthy)

% Time on Ice - Hershey Bears

Lines # - Real PCT - Wanted PCT - Time Play
Normal Forward
1 - 33% - 40% - 17:09
2 - 32% - 30% - 16:30
3 - 24% - 20% - 12:20
4 - 10% - 10% - 5:15
Normal Defense
1 - 35% - 40% - 18:09
2 - 31% - 30% - 15:56
3 - 24% - 20% - 12:21
4 - 9% - 10% - 4:48
PP Forward
1 - 57% - 60% - 3:53
2 - 43% - 40% - 2:54
PP Defense
1 - 62% - 60% - 4:11
2 - 38% - 40% - 2:36
PK Forward
1 - 77% - 60% - 1:32
2 - 23% - 40% - 0:27
PK Defense
1 - 68% - 60% - 1:21
2 - 32% - 40% - 0:38
PK3 Forward
1 - 0% - 60%
2 - 0% - 40%
PK3 Defense
1 - 0% - 60%
2 - 0% - 40%
44 Forward
1 - 0% - 60%
2 - 0% - 40%
44 Defense
1 - 0% - 60%
2 - 0% - 40%
Last Minute Offensive  - 0:00
Last Minute Defensive  - 0:00
Total
Forward - 60:00
Defense - 60:00

% Time on Ice - Calgary Hitman

Lines # - Real PCT - Wanted PCT - Time Play
Normal Forward
1 - 31% - 36% - 15:40
2 - 29% - 34% - 14:43
3 - 21% - 24% - 10:46
4 - 20% - 6% - 10:05
Normal Defense
1 - 39% - 39% - 19:57
2 - 37% - 37% - 18:59
3 - 23% - 20% - 11:48
4 - 1% - 4% - 0:30
PP Forward
1 - 56% - 60% - 1:07
2 - 44% - 40% - 0:52
PP Defense
1 - 69% - 60% - 1:22
2 - 31% - 40% - 0:37
PK Forward
1 - 69% - 60% - 4:42
2 - 31% - 40% - 2:05
PK Defense
1 - 57% - 60% - 3:52
2 - 43% - 40% - 2:55
PK3 Forward
1 - 0% - 65%
2 - 0% - 35%
PK3 Defense
1 - 0% - 60%
2 - 0% - 40%
44 Forward
1 - 0% - 60%
2 - 0% - 40%
44 Defense
1 - 0% - 60%
2 - 0% - 40%
Last Minute Offensive  - 0:00
Last Minute Defensive  - 0:00
Total
Forward - 60:00
Defense - 60:00

Play by Play

1st period


0:01 of 1st period - Andrew Miller wins face-off versus Andy Miele in neutral zone.
0:08 of 1st period - Backhand shot by Andy Miele.
0:08 of 1st period - Shot Misses the Net.
0:38 of 1st period - Wrist shot by Kasperi Kapanen.
0:38 of 1st period - Shot Misses the Net.
1:04 of 1st period - Wrist shot by Kasperi Kapanen.
1:04 of 1st period - Stopped by Mike McKenna without a rebound.
1:05 of 1st period - Cristoval Nieves wins face-off versus Travis Morin in Hershey Bears zone.
1:32 of 1st period - Tyler Wotherspoon is hit by Alex Biega and loses puck.
2:02 of 1st period - Andrew Desjardins is hit by Alex Biega and loses puck.
2:15 of 1st period - Chris Wagner is hit by Travis Morin and loses puck.
2:42 of 1st period - Snap shot by Chris Wagner.
2:42 of 1st period - Stopped by Marek Mazanec without a rebound.
2:43 of 1st period - Chris Wagner wins face-off versus Reid Petryk in Calgary Hitman zone.
2:56 of 1st period - Wrist shot by Chris Bourque.
2:56 of 1st period - Shot Misses the Net.
3:06 of 1st period - Liam O'Brien is hit by Andy Miele and loses puck.
3:10 of 1st period - Icing by John Ramage.
3:11 of 1st period - Andy Miele wins face-off versus Reid Petryk in Calgary Hitman zone.
3:28 of 1st period - Wrist shot by Nick Lappin.
3:28 of 1st period - Shot Misses the Net.
3:32 of 1st period - Wrist shot by Reid Petryk.
3:32 of 1st period - Stopped by Mike McKenna without a rebound.
3:33 of 1st period - Chris Bourque wins face-off versus Travis Morin in Hershey Bears zone.
3:40 of 1st period - Jack Skille is hit by Mike Blunden and loses puck.
3:45 of 1st period - Snap shot by Chris Bourque.
3:45 of 1st period - Shot Misses the Net.
3:47 of 1st period - Snap shot by Mike Blunden.
3:47 of 1st period - Shot Blocked by Alex Biega.
3:49 of 1st period - Snap shot by Chris Bourque.
3:49 of 1st period - Stopped by Marek Mazanec without a rebound.
3:50 of 1st period - Cory Conacher wins face-off versus Spencer Abbott in Calgary Hitman zone.
4:19 of 1st period - Snap shot by Chris Wagner.
4:19 of 1st period - Shot Misses the Net.
4:21 of 1st period - Wrist shot by Chris Bourque.
4:21 of 1st period - Shot Misses the Net.
4:23 of 1st period - Slapshot by Chris Wagner.
4:23 of 1st period - Deflect By Mike Blunden.
4:23 of 1st period - Shot Blocked by Cody Goloubef.
4:23 of 1st period - Puck is out of play.
4:24 of 1st period - Andy Miele wins face-off versus Travis Morin in Calgary Hitman zone.
4:49 of 1st period - Tyler Wotherspoon is hit by J.T. Brown.
5:12 of 1st period - Chris Bourque is hit by Spencer Abbott and loses puck.
5:55 of 1st period - Snap shot by Andrew Miller.
5:55 of 1st period - Stopped by Mike McKenna without a rebound.
5:56 of 1st period - Andrew Miller wins face-off versus Chris Wagner in Hershey Bears zone.
5:57 of 1st period - Snap shot by Kasperi Kapanen.
5:57 of 1st period - Stopped by Mike McKenna with a rebound.
5:59 of 1st period - Snap shot by Kasperi Kapanen.
5:59 of 1st period - Shot Misses the Net.
6:25 of 1st period - Dalton Prout is hit by John Ramage and loses puck.
9:07 of 1st period - Snap shot by Liam O'Brien.
9:07 of 1st period - Stopped by Mike McKenna with a rebound.
9:13 of 1st period - Snap shot by Andrew Desjardins.
9:13 of 1st period - Shot Misses the Net.
10:48 of 1st period - Cory Conacher is hit by Robert Bortuzzo and loses puck.
11:23 of 1st period - Matt Carle is hit by Spencer Abbott and loses puck.
12:02 of 1st period - Cody Goloubef is hit by Dalton Prout and loses puck.
12:19 of 1st period - Tyler Wotherspoon is hit by Alex Biega and loses puck.
12:37 of 1st period - Cody Goloubef is hit by Cory Conacher and loses puck.
12:57 of 1st period - Robert Bortuzzo is hit by Colby Cave and loses puck.
13:48 of 1st period - Chris Wagner is hit by Reid Petryk and loses puck.
14:06 of 1st period - A.J. Greer is hit by Dalton Prout.
14:10 of 1st period - Colby Cave is hit by A.J. Greer and loses puck.
14:36 of 1st period - Liam O'Brien is hit by Andy Miele and loses puck.
14:43 of 1st period - Snap shot by Colby Cave.
14:43 of 1st period - Stopped by Marek Mazanec with a rebound.
14:45 of 1st period - Slapshot by Michael Kostka.
14:45 of 1st period - Deflect By Colby Cave.
14:45 of 1st period - Stopped by Marek Mazanec with a rebound.
14:47 of 1st period - Slapshot by Dalton Prout.
14:47 of 1st period - Shot Misses the Net.
15:03 of 1st period - Icing by Cody Goloubef.
15:04 of 1st period - Nick Lappin wins face-off versus Chris Wagner in Calgary Hitman zone.
15:17 of 1st period - Slapshot by Nick Lappin.
15:17 of 1st period - Shot Blocked by Mark Fraser.
15:19 of 1st period - Wrist shot by Nick Lappin.
15:19 of 1st period - Stopped by Mike McKenna with a rebound.
15:21 of 1st period - Snap shot by Nick Lappin.
15:21 of 1st period - Shot Misses the Net.
15:23 of 1st period - Snap shot by Nick Lappin.
15:23 of 1st period - Shot Misses the Net.
15:25 of 1st period - Slapshot by Brady Austin.
15:25 of 1st period - Shot Blocked by Chris Wagner.
15:27 of 1st period - Wrist shot by Nick Lappin.
15:27 of 1st period - Goal by Nick Lappin - Hershey Bears : 0 - Calgary Hitman : 1.
15:28 of 1st period - J.T. Brown wins face-off versus Chris Wagner in neutral zone.
15:30 of 1st period - Off-side.
15:31 of 1st period - Andrew Miller wins face-off versus Chris Wagner in neutral zone.
15:56 of 1st period - Snap shot by Kasperi Kapanen.
15:56 of 1st period - Stopped by Mike McKenna with a rebound.
15:58 of 1st period - Slapshot by Matt Taormina.
15:58 of 1st period - Shot Blocked by Cory Conacher.
16:35 of 1st period - Icing by Nicolas Deslauriers.
16:36 of 1st period - Chris Wagner wins face-off versus Reid Petryk in Hershey Bears zone.
16:49 of 1st period - Snap shot by Liam O'Brien.
16:49 of 1st period - Stopped by Mike McKenna with a rebound.
17:17 of 1st period - Minor Penalty to Cody Goloubef for Interference.
17:18 of 1st period - Andy Miele wins face-off versus Reid Petryk in Calgary Hitman zone.
17:43 of 1st period - Robert Bortuzzo is hit by Chris Bourque and loses puck.
17:48 of 1st period - Wrist shot by Chris Bourque.
17:48 of 1st period - Shot Misses the Net.
19:17 of 1st period - Penalty to Cody Goloubef is over, Cody Goloubef is back on ice.
Goals for this period are 0 for Hershey Bears vs 1 for Calgary Hitman.
Shots for this period are 4 for Hershey Bears vs 9 for Calgary Hitman.

2nd period


0:01 of 2nd period - Andy Miele wins face-off versus Andrew Miller in neutral zone.
0:08 of 2nd period - Slapshot by J.T. Brown.
0:08 of 2nd period - Stopped by Mike McKenna without a rebound.
0:09 of 2nd period - Andy Miele wins face-off versus Andrew Miller in Hershey Bears zone.
0:27 of 2nd period - Minor Penalty to Dalton Prout for Hooking.
0:28 of 2nd period - Andrew Miller wins face-off versus Cory Conacher in Hershey Bears zone.
2:27 of 2nd period - Penalty to Dalton Prout is over, Dalton Prout is back on ice.
2:28 of 2nd period - Slapshot by Cody Goloubef.
2:28 of 2nd period - Stopped by Mike McKenna with a rebound.
2:30 of 2nd period - Wrist shot by Matt Taormina.
2:30 of 2nd period - Shot Hit the Post.
2:32 of 2nd period - Slapshot by Cody Goloubef.
2:32 of 2nd period - Stopped by Mike McKenna with a rebound.
2:54 of 2nd period - Wrist shot by Carter Camper.
2:54 of 2nd period - Stopped by Marek Mazanec without a rebound.
2:55 of 2nd period - Travis Morin wins face-off versus Chris Wagner in Calgary Hitman zone.
3:14 of 2nd period - Snap shot by Colby Cave.
3:14 of 2nd period - Stopped by Marek Mazanec with a rebound.
3:32 of 2nd period - John Ramage is hit by Andrew Desjardins.
3:52 of 2nd period - Off-side.
3:53 of 2nd period - Chris Wagner wins face-off versus Reid Petryk in neutral zone.
3:56 of 2nd period - Snap shot by Chris Bourque.
3:56 of 2nd period - Shot Blocked by Robert Bortuzzo.
4:06 of 2nd period - Wrist shot by Chris Bourque.
4:06 of 2nd period - Stopped by Marek Mazanec without a rebound.
4:07 of 2nd period - Travis Morin wins face-off versus Andy Miele in Calgary Hitman zone.
4:07 of 2nd period - Travis Morin is hit by Andy Miele.
4:21 of 2nd period - Snap shot by A.J. Greer.
4:21 of 2nd period - Stopped by Mike McKenna with a rebound.
4:23 of 2nd period - Slapshot by A.J. Greer.
4:23 of 2nd period - Stopped by Mike McKenna with a rebound.
4:37 of 2nd period - Wrist shot by Mitch Callahan.
4:37 of 2nd period - Shot Blocked by Andrew Desjardins.
4:39 of 2nd period - Snap shot by Mitch Callahan.
4:39 of 2nd period - Stopped by Mike McKenna without a rebound.
4:40 of 2nd period - Spencer Abbott wins face-off versus Chris Wagner in Hershey Bears zone.
4:43 of 2nd period - Wrist shot by Spencer Abbott.
4:43 of 2nd period - Shot Misses the Net.
4:47 of 2nd period - Snap shot by Mitch Callahan.
4:47 of 2nd period - Deflect By Wayne Simpson.
4:47 of 2nd period - Shot Blocked by Nicolas Deslauriers.
4:47 of 2nd period - Puck is out of play.
4:48 of 2nd period - Chris Wagner wins face-off versus Travis Morin in Hershey Bears zone.
5:43 of 2nd period - Wrist shot by Nick Lappin.
5:43 of 2nd period - Stopped by Mike McKenna without a rebound.
5:44 of 2nd period - Chris Wagner wins face-off versus Travis Morin in Hershey Bears zone.
5:44 of 2nd period - Chris Wagner is hit by Jack Skille.
6:20 of 2nd period - Snap shot by Colby Cave.
6:20 of 2nd period - Shot Blocked by Robert Bortuzzo.
6:22 of 2nd period - Snap shot by Carter Camper.
6:22 of 2nd period - Shot Blocked by Matt Taormina.
6:28 of 2nd period - Minor Penalty to A.J. Greer for Hooking.
6:29 of 2nd period - Andy Miele wins face-off versus Reid Petryk in Calgary Hitman zone.
6:36 of 2nd period - Wrist shot by Andy Miele.
6:36 of 2nd period - Shot Blocked by Robert Bortuzzo.
6:38 of 2nd period - Wrist shot by Michael Kostka.
6:38 of 2nd period - Deflect By Andy Miele.
6:38 of 2nd period - Stopped by Marek Mazanec without a rebound.
6:39 of 2nd period - Andy Miele wins face-off versus Reid Petryk in Calgary Hitman zone.
7:22 of 2nd period - Wrist shot by Cory Conacher.
7:22 of 2nd period - Stopped by Marek Mazanec without a rebound.
7:23 of 2nd period - Reid Petryk wins face-off versus Chris Wagner in Calgary Hitman zone.
7:55 of 2nd period - Snap shot by Chris Bourque.
7:55 of 2nd period - Goal by Chris Bourque - Hershey Bears : 1 - Calgary Hitman : 1.
7:56 of 2nd period - Andrew Miller wins face-off versus Andy Miele in neutral zone.
8:00 of 2nd period - Slapshot by Alex Biega.
8:00 of 2nd period - Stopped by Mike McKenna without a rebound.
8:01 of 2nd period - Andrew Miller wins face-off versus Andy Miele in Hershey Bears zone.
8:14 of 2nd period - Wrist shot by Andrew Miller.
8:14 of 2nd period - Shot Misses the Net.
8:16 of 2nd period - Slapshot by Cody Goloubef.
8:16 of 2nd period - Shot Blocked by Dalton Prout.
9:10 of 2nd period - Wrist shot by John Hayden.
9:10 of 2nd period - Stopped by Marek Mazanec without a rebound.
9:11 of 2nd period - John Hayden wins face-off versus Spencer Abbott in Calgary Hitman zone.
9:12 of 2nd period - Snap shot by Cory Conacher.
9:12 of 2nd period - Shot Misses the Net.
9:14 of 2nd period - Slapshot by Nicolas Deslauriers.
9:14 of 2nd period - Shot Blocked by Brady Austin.
9:16 of 2nd period - Slapshot by Nicolas Deslauriers.
9:16 of 2nd period - Shot Blocked by Mitch Callahan.
9:18 of 2nd period - Slapshot by Tyler Wotherspoon.
9:18 of 2nd period - Shot Blocked by Brady Austin.
9:20 of 2nd period - Snap shot by Tyler Wotherspoon.
9:20 of 2nd period - Shot Misses the Net.
9:22 of 2nd period - Slapshot by Cristoval Nieves.
9:22 of 2nd period - Shot Blocked by John Ramage.
9:24 of 2nd period - Snap shot by Cristoval Nieves.
9:24 of 2nd period - Stopped by Marek Mazanec with a rebound.
9:26 of 2nd period - Snap shot by Cory Conacher.
9:26 of 2nd period - Hershey Bears goal is going for a video replay.
9:26 of 2nd period - The goal is refused. The puck has been kicked using a distinct kicking motion..
9:27 of 2nd period - Andrew Miller wins face-off versus Andy Miele in Calgary Hitman zone.
9:42 of 2nd period - Wrist shot by Kasperi Kapanen.
9:42 of 2nd period - Shot Hit the Post.
10:00 of 2nd period - Snap shot by Chris Bourque.
10:00 of 2nd period - Shot Blocked by Cody Goloubef.
10:24 of 2nd period - Snap shot by Brendan Gaunce.
10:24 of 2nd period - Deflect By Cody Goloubef.
10:24 of 2nd period - Shot Blocked by Spencer Abbott.
10:24 of 2nd period - Puck is out of play.
10:25 of 2nd period - Andy Miele wins face-off versus J.T. Brown in Calgary Hitman zone.
10:50 of 2nd period - Mike Blunden is hit by Matt Taormina and loses puck.
11:14 of 2nd period - Carter Camper is hit by Mitch Callahan.
11:58 of 2nd period - Slapshot by Chris Wagner.
11:58 of 2nd period - Stopped by Marek Mazanec with a rebound.
12:00 of 2nd period - Slapshot by Mike Blunden.
12:00 of 2nd period - Stopped by Marek Mazanec without a rebound.
12:01 of 2nd period - Andrew Desjardins wins face-off versus Andrew Miller in Calgary Hitman zone.
12:02 of 2nd period - Snap shot by Cory Conacher.
12:02 of 2nd period - Shot Blocked by Robert Bortuzzo.
12:08 of 2nd period - Slapshot by Matt Taormina.
12:08 of 2nd period - Stopped by Mike McKenna with a rebound.
12:10 of 2nd period - Slapshot by Andrew Miller.
12:10 of 2nd period - Stopped by Mike McKenna with a rebound.
12:12 of 2nd period - Wrist shot by Andrew Miller.
12:12 of 2nd period - Shot Misses the Net.
12:14 of 2nd period - Wrist shot by Kasperi Kapanen.
12:14 of 2nd period - Stopped by Mike McKenna with a rebound.
12:16 of 2nd period - Wrist shot by J.T. Brown.
12:16 of 2nd period - Shot Misses the Net.
13:05 of 2nd period - Slapshot by Spencer Abbott.
13:05 of 2nd period - Shot Blocked by Matt Carle.
13:07 of 2nd period - Slapshot by Wayne Simpson.
13:07 of 2nd period - Stopped by Mike McKenna with a rebound.
13:19 of 2nd period - Snap shot by Andy Miele.
13:19 of 2nd period - Shot Blocked by Andrew Miller.
13:38 of 2nd period - Chris Bourque is hit by Nick Lappin and loses puck.
14:05 of 2nd period - Backhand shot by Wayne Simpson.
14:05 of 2nd period - Stopped by Mike McKenna with a rebound.
14:26 of 2nd period - James Wisniewski is hit by A.J. Greer and loses puck.
16:12 of 2nd period - Chris Bourque is hit by Reid Petryk and loses puck.
16:26 of 2nd period - Off-side.
16:27 of 2nd period - Colby Cave wins face-off versus Spencer Abbott in neutral zone.
17:12 of 2nd period - Travis Morin is hit by Andrew Desjardins and loses puck.
17:50 of 2nd period - Icing by Dalton Prout.
17:51 of 2nd period - Reid Petryk wins face-off versus Chris Wagner in Hershey Bears zone.
18:06 of 2nd period - Slapshot by Dalton Prout.
18:06 of 2nd period - Shot Blocked by Matt Taormina.
18:08 of 2nd period - Snap shot by Mike Blunden.
18:08 of 2nd period - Shot Misses the Net.
18:10 of 2nd period - Slapshot by Dalton Prout.
18:10 of 2nd period - Shot Blocked by Matt Taormina.
18:14 of 2nd period - Wrist shot by Mike Blunden.
18:14 of 2nd period - Goal by Mike Blunden - Hershey Bears : 2 - Calgary Hitman : 1.
18:15 of 2nd period - Andrew Miller wins face-off versus Andy Miele in neutral zone.
18:52 of 2nd period - Minor Penalty to Jack Skille for Interference.
18:53 of 2nd period - Reid Petryk wins face-off versus Andy Miele in Calgary Hitman zone.
19:03 of 2nd period - Slapshot by Andy Miele.
19:03 of 2nd period - Shot Blocked by Robert Bortuzzo.
Goals for this period are 2 for Hershey Bears vs 0 for Calgary Hitman.
Shots for this period are 12 for Hershey Bears vs 13 for Calgary Hitman.

3rd period


0:01 of 3rd period - Reid Petryk wins face-off versus Andy Miele in neutral zone.
0:12 of 3rd period - Snap shot by Cory Conacher.
0:12 of 3rd period - Shot Misses the Net.
0:14 of 3rd period - Snap shot by Cory Conacher.
0:14 of 3rd period - Goal by Cory Conacher - Hershey Bears : 3 - Calgary Hitman : 1.
0:15 of 3rd period - Andrew Miller wins face-off versus Andy Miele in neutral zone.
0:25 of 3rd period - Snap shot by Cory Conacher.
0:25 of 3rd period - Shot Misses the Net.
0:27 of 3rd period - Slapshot by Dalton Prout.
0:27 of 3rd period - Shot Blocked by J.T. Brown.
0:29 of 3rd period - Slapshot by Dalton Prout.
0:29 of 3rd period - Stopped by Marek Mazanec with a rebound.
0:31 of 3rd period - Slapshot by Cory Conacher.
0:31 of 3rd period - Stopped by Marek Mazanec without a rebound.
0:32 of 3rd period - Chris Wagner wins face-off versus Travis Morin in Calgary Hitman zone.
0:37 of 3rd period - Slapshot by Chris Wagner.
0:37 of 3rd period - Stopped by Marek Mazanec with a rebound.
0:41 of 3rd period - Wrist shot by Chris Bourque.
0:41 of 3rd period - Shot Misses the Net.
0:43 of 3rd period - Slapshot by Mike Blunden.
0:43 of 3rd period - Goal by Mike Blunden - Hershey Bears : 4 - Calgary Hitman : 1.
0:44 of 3rd period - Andy Miele wins face-off versus Andrew Miller in neutral zone.
1:17 of 3rd period - Wrist shot by A.J. Greer.
1:17 of 3rd period - Stopped by Mike McKenna with a rebound.
1:19 of 3rd period - Snap shot by Travis Morin.
1:19 of 3rd period - Shot Misses the Net.
1:37 of 3rd period - Wrist shot by Carter Camper.
1:37 of 3rd period - Stopped by Marek Mazanec without a rebound.
1:38 of 3rd period - Colby Cave wins face-off versus Andrew Miller in Calgary Hitman zone.
2:04 of 3rd period - Jack Skille is hit by Cory Conacher and loses puck.
2:52 of 3rd period - Snap shot by Spencer Abbott.
2:52 of 3rd period - Stopped by Mike McKenna with a rebound.
2:54 of 3rd period - Wrist shot by Spencer Abbott.
2:54 of 3rd period - Deflect By Mitch Callahan.
2:54 of 3rd period - Shot Misses the Net.
2:54 of 3rd period - Puck is out of play.
2:55 of 3rd period - Brendan Gaunce wins face-off versus Andrew Miller in Hershey Bears zone.
3:21 of 3rd period - Cody Goloubef is hit by Michael Kostka and loses puck.
3:30 of 3rd period - Wrist shot by Cory Conacher.
3:30 of 3rd period - Stopped by Marek Mazanec with a rebound.
3:40 of 3rd period - Slapshot by Wayne Simpson.
3:40 of 3rd period - Shot Blocked by Matt Carle.
4:04 of 3rd period - Snap shot by Nick Lappin.
4:04 of 3rd period - Deflect By Liam O'Brien.
4:04 of 3rd period - Shot Misses the Net.
4:04 of 3rd period - Puck is out of play.
4:05 of 3rd period - Reid Petryk wins face-off versus Colby Cave in Hershey Bears zone.
4:10 of 3rd period - Slapshot by Nick Lappin.
4:10 of 3rd period - Shot Blocked by Dalton Prout.
4:49 of 3rd period - Wrist shot by Chris Bourque.
4:49 of 3rd period - Stopped by Marek Mazanec with a rebound.
4:51 of 3rd period - Snap shot by Mike Blunden.
4:51 of 3rd period - Stopped by Marek Mazanec without a rebound.
4:52 of 3rd period - Chris Wagner wins face-off versus A.J. Greer in Calgary Hitman zone.
4:57 of 3rd period - Snap shot by Chris Wagner.
4:57 of 3rd period - Stopped by Marek Mazanec with a rebound.
5:11 of 3rd period - Jack Skille is hit by Mark Fraser and loses puck.
5:34 of 3rd period - Snap shot by Cory Conacher.
5:34 of 3rd period - Shot Misses the Net.
5:48 of 3rd period - Cody Goloubef is hit by Colby Cave and loses puck.
6:21 of 3rd period - Nick Lappin is hit by Mark Fraser and loses puck.
6:40 of 3rd period - Slapshot by Jack Skille.
6:40 of 3rd period - Shot Misses the Net.
6:42 of 3rd period - Backhand shot by Matt Taormina.
6:42 of 3rd period - Shot Misses the Net.
6:44 of 3rd period - Snap shot by A.J. Greer.
6:44 of 3rd period - Stopped by Mike McKenna with a rebound.
7:50 of 3rd period - Chris Bourque is hit by Matt Taormina and loses puck.
8:41 of 3rd period - Wrist shot by Andrew Miller.
8:41 of 3rd period - Stopped by Mike McKenna with a rebound.
9:03 of 3rd period - Snap shot by Mitch Callahan.
9:03 of 3rd period - Shot Blocked by Nicolas Deslauriers.
9:14 of 3rd period - Icing by Tyler Wotherspoon.
9:15 of 3rd period - Travis Morin wins face-off versus Colby Cave in Hershey Bears zone.
9:16 of 3rd period - Wrist shot by A.J. Greer.
9:16 of 3rd period - Stopped by Mike McKenna without a rebound.
9:17 of 3rd period - Travis Morin wins face-off versus Chris Wagner in Hershey Bears zone.
9:28 of 3rd period - Chris Wagner is hit by Cody Goloubef and loses puck.
9:53 of 3rd period - Snap shot by Andrew Miller.
9:53 of 3rd period - Stopped by Mike McKenna with a rebound.
10:25 of 3rd period - Snap shot by Chris Bourque.
10:25 of 3rd period - Stopped by Marek Mazanec with a rebound.
10:27 of 3rd period - Slapshot by Matt Carle.
10:27 of 3rd period - Deflect By Brady Austin.
10:27 of 3rd period - Stopped by Marek Mazanec without a rebound.
10:28 of 3rd period - Andrew Miller wins face-off versus Chris Wagner in Calgary Hitman zone.
10:46 of 3rd period - Off-side.
10:47 of 3rd period - Andy Miele wins face-off versus Travis Morin in neutral zone.
10:54 of 3rd period - Slapshot by Cory Conacher.
10:54 of 3rd period - Stopped by Marek Mazanec without a rebound.
10:55 of 3rd period - Andy Miele wins face-off versus Travis Morin in Calgary Hitman zone.
10:58 of 3rd period - Slapshot by Cory Conacher.
10:58 of 3rd period - Shot Blocked by Alex Biega.
11:00 of 3rd period - Wrist shot by Andrew Desjardins.
11:00 of 3rd period - Stopped by Marek Mazanec without a rebound.
11:01 of 3rd period - Andrew Miller wins face-off versus Andy Miele in Calgary Hitman zone.
11:28 of 3rd period - Dalton Prout is hit by Jack Skille.
11:34 of 3rd period - Jack Skille is hit by Chris Bourque and loses puck.
11:49 of 3rd period - Snap shot by Carter Camper.
11:49 of 3rd period - Shot Blocked by Cody Goloubef.
11:51 of 3rd period - Wrist shot by Carter Camper.
11:51 of 3rd period - Goal by Carter Camper - Hershey Bears : 5 - Calgary Hitman : 1.
11:52 of 3rd period - Andrew Miller wins face-off versus Andy Miele in neutral zone.
12:17 of 3rd period - Dalton Prout is hit by Travis Morin and loses puck.
14:29 of 3rd period - Jack Skille is hit by Andrew Desjardins and loses puck.
14:40 of 3rd period - Mitch Callahan is hit by Mike Blunden.
14:46 of 3rd period - Snap shot by Mike Blunden.
14:46 of 3rd period - Stopped by Marek Mazanec without a rebound.
14:47 of 3rd period - Colby Cave wins face-off versus Andrew Miller in Calgary Hitman zone.
14:50 of 3rd period - Slapshot by Carter Camper.
14:50 of 3rd period - Shot Misses the Net.
15:00 of 3rd period - Snap shot by Carter Camper.
15:00 of 3rd period - Shot Misses the Net.
15:05 of 3rd period - Icing by Matt Taormina.
15:06 of 3rd period - Andy Miele wins face-off versus Andrew Miller in Calgary Hitman zone.
15:12 of 3rd period - Icing by Andrew Miller.
15:13 of 3rd period - Andy Miele wins face-off versus Andrew Miller in Calgary Hitman zone.
15:32 of 3rd period - Slapshot by Kasperi Kapanen.
15:32 of 3rd period - Stopped by Mike McKenna with a rebound.
15:34 of 3rd period - Snap shot by Andrew Miller.
15:34 of 3rd period - Stopped by Mike McKenna with a rebound.
15:36 of 3rd period - Wrist shot by Kasperi Kapanen.
15:36 of 3rd period - Stopped by Mike McKenna with a rebound.
15:38 of 3rd period - Wrist shot by J.T. Brown.
15:38 of 3rd period - Shot Blocked by Chris Bourque.
15:40 of 3rd period - Slapshot by Robert Bortuzzo.
15:40 of 3rd period - Deflect By Kasperi Kapanen.
15:40 of 3rd period - Shot Misses the Net.
15:40 of 3rd period - Puck is out of play.
15:41 of 3rd period - Travis Morin wins face-off versus Andy Miele in Hershey Bears zone.
15:42 of 3rd period - Wrist shot by A.J. Greer.
15:42 of 3rd period - Stopped by Mike McKenna without a rebound.
15:43 of 3rd period - Andy Miele wins face-off versus Travis Morin in Hershey Bears zone.
15:50 of 3rd period - Snap shot by Andy Miele.
15:50 of 3rd period - Stopped by Marek Mazanec without a rebound.
15:51 of 3rd period - Andy Miele wins face-off versus Travis Morin in Calgary Hitman zone.
16:05 of 3rd period - Snap shot by Travis Morin.
16:05 of 3rd period - Stopped by Mike McKenna with a rebound.
16:09 of 3rd period - Wrist shot by A.J. Greer.
16:09 of 3rd period - Stopped by Mike McKenna without a rebound.
16:10 of 3rd period - Kasperi Kapanen wins face-off versus Chris Wagner in Hershey Bears zone.
16:22 of 3rd period - Snap shot by Chris Bourque.
16:22 of 3rd period - Stopped by Marek Mazanec without a rebound.
16:23 of 3rd period - Travis Morin wins face-off versus Andy Miele in Calgary Hitman zone.
16:25 of 3rd period - Minor Penalty to A.J. Greer for Tripping.
16:26 of 3rd period - Andy Miele wins face-off versus Reid Petryk in Calgary Hitman zone.
16:32 of 3rd period - Slapshot by Andrew Desjardins.
16:32 of 3rd period - Stopped by Marek Mazanec with a rebound.
16:58 of 3rd period - J.T. Brown is hit by Mike Blunden and loses puck.
17:11 of 3rd period - Snap shot by Reid Petryk.
17:11 of 3rd period - Shot Misses the Net.
17:35 of 3rd period - Snap shot by Kasperi Kapanen.
17:35 of 3rd period - Stopped by Mike McKenna with a rebound.
18:09 of 3rd period - Alex Biega is hit by Michael Kostka and loses puck.
18:25 of 3rd period - Penalty to A.J. Greer is over, A.J. Greer is back on ice.
18:32 of 3rd period - Wayne Simpson is hit by Tyler Wotherspoon and loses puck.
18:37 of 3rd period - Slapshot by Brendan Gaunce.
18:37 of 3rd period - Shot Misses the Net.
18:39 of 3rd period - Snap shot by Colby Cave.
18:39 of 3rd period - Shot Misses the Net.
18:41 of 3rd period - Snap shot by Mark Fraser.
18:41 of 3rd period - Shot Blocked by Nick Lappin.
19:31 of 3rd period - Wrist shot by Jack Skille.
19:31 of 3rd period - Goal by Jack Skille - Hershey Bears : 5 - Calgary Hitman : 2.
19:32 of 3rd period - Andrew Miller wins face-off versus Chris Wagner in neutral zone.
19:43 of 3rd period - Snap shot by Kasperi Kapanen.
19:43 of 3rd period - Shot Misses the Net.
Goals for this period are 3 for Hershey Bears vs 1 for Calgary Hitman.
Shots for this period are 19 for Hershey Bears vs 14 for Calgary Hitman.